 Dungeon Crawl Stone Soup version 0.28-a0-1087-gf3fc490d9d (webtiles) character file.

Game seed: 1961668606527495174

37 bearlyready the Vexing (level 3, 0/28 HPs)
             Began as a Gnoll Arcane Marksman on Dec 10, 2021.
             Slain by a gnoll (4 damage)
             ... on level 3 of the Dungeon.
             The game lasted 00:07:01 (2756 turns).

bearlyready the Vexing (Gnoll Arcane Marksman)      Turns: 2756, Time: 00:07:02

Health: 0/28       AC:  2    Str:  9    XL:     3   Next: 41%
Magic:  7/7        EV: 13    Int: 14    God:
Gold:   59         SH:  0    Dex: 12    Spells: 6/7 levels left

rFire   . . .      SeeInvis .   b - +0 short sword
rCold   . . .      Faith    .   (no shield)
rNeg    . . .      Spirit   .   d - +0 robe
rPois   .          Reflect  .   (no helmet)
rElec   .          Harm     .   (no cloak)
rCorr   .          Rampage  .   (no gloves)
Will    .....                   (no boots)
Stlth   +.........              (no amulet)
HPRegen 0.09/turn               (no ring)
MPRegen 0.10/turn               (no ring)

@: no status effects
A: fangs 1, strong nose, distributed training
a: no special abilities


You were on level 3 of the Dungeon.
You visited 1 branch of the dungeon, and saw 3 of its levels.

You collected 59 gold pieces.

Inventory:

Hand Weapons
 a - a +0 hunting sling
 b - a +0 short sword (weapon)
 e - a +0 club
 t - a +0 spear
Missiles
 c - 57 sling bullets
 g - 29 bolts
 l - 7 stones (quivered)
Armour
 d - a +0 robe (worn)
Jewellery
 r - a ring of protection from fire
Scrolls
 f - 2 scrolls of teleportation {unknown}
 h - 2 scrolls of identify {unknown}
 q - a scroll of noise {unknown}
 s - 2 scrolls of amnesia {unknown}
Potions
 i - a potion of heal wounds {unknown}
 j - 2 potions of haste {unknown}
 k - a potion of might {unknown}
 m - a potion of flight {unknown}
 n - a potion of attraction {unknown}
 o - a potion of cancellation {unknown}
 p - a potion of degeneration {unknown}


   Skills:
 + Level 2.6 Fighting
 + Level 0.8 Short Blades
 + Level 0.8 Long Blades
 + Level 0.8 Axes
 + Level 0.8 Maces & Flails
 + Level 0.8 Polearms
 + Level 0.8 Staves
 + Level 4.5 Slings
 + Level 0.8 Bows
 + Level 0.8 Crossbows
 + Level 0.8 Throwing
 + Level 0.8 Armour
 + Level 4.5 Dodging
 + Level 0.8 Stealth
 + Level 0.8 Shields
 + Level 0.8 Unarmed Combat
 + Level 2.8 Spellcasting
 + Level 0.5 Conjurations
 + Level 5.4 Hexes
 + Level 0.5 Summonings
 + Level 0.5 Necromancy
 + Level 0.5 Translocations
 + Level 0.5 Transmutations
 + Level 0.5 Fire Magic
 + Level 0.5 Ice Magic
 + Level 0.5 Air Magic
 + Level 0.5 Earth Magic
 + Level 0.5 Poison Magic
 + Level 1.0 Invocations
 + Level 0.8 Evocations


You had 6 spell levels left.
You knew the following spells:

 Your Spells              Type           Power      Damage    Failure   Level
a - Slow                  Hex            68%        N/A       2%          1

Your spell library contained the following spells:

 Spells                   Type           Power      Damage    Failure   Level
 Freeze                   Ice            12%        1d4       17%         1
 Inner Flame              Hex/Fire       10%        N/A       19%         3
 Portal Projectile        Hex/Tloc       20%        N/A       19%         3
 Cause Fear               Hex            8%         N/A       24%         4
 Frozen Ramparts          Ice            6%         1d2       45%         3
 Hailstorm                Conj/Ice       3%         3d3       86%         4


Dungeon Overview and Level Annotations

Branches:
Dungeon (3/15)

Altars:
Dithmenos


Innate Abilities, Weirdness & Mutations

You have very sharp teeth.
Your uncanny sense of smell can sniff out nearby items.
Your experience applies equally to all skills.


Message History

You kill the bat!
Your Invocations skill increases to level 1!
No target in view!
There is a stone staircase leading up here.
There is an escape hatch in the ceiling here.
Found a stone staircase leading down.
You open the large door.
An orc comes into view. It is wielding a +0 flail.
An orc is nearby!
A frilled lizard comes into view.
The frilled lizard hisses angrily.
The orc shouts!
You hear a shout! x2
A gnoll comes into view. It is wielding a +0 spear.
You hear a shout!
There is a large open door here.
The orc closely misses you.
You hit the orc.
The orc is severely wounded.
The orc hits you with a +0 flail. The frilled lizard bites you.
There is a large open door here.
You completely miss the frilled lizard.
The frilled lizard bites you but does no damage.
You barely miss the frilled lizard. The frilled lizard bites you.
You closely miss the frilled lizard. Your bite misses the frilled lizard.
The gnoll barely misses you. The frilled lizard barely misses you.
You barely miss the frilled lizard.
The gnoll hits you from afar with a +0 spear.
The frilled lizard misses you.
You barely miss the frilled lizard.
The gnoll hits you from afar with a +0 spear!
The frilled lizard closely misses you.
You barely miss the frilled lizard. The gnoll barely misses you.
The frilled lizard barely misses you.
You hit the frilled lizard but do no damage.
The gnoll hits you from afar with a +0 spear!
* * * LOW HITPOINT WARNING * * *
The frilled lizard barely misses you.
You miss the frilled lizard.
The gnoll hits you from afar with a +0 spear.
You die...

...# .....#
################ ......#
>.##.........<.#
.......##.##.###.#.###.#
........#.##.###.#.###.#
........#.##.##.....##.#
........#ol@.....#..##.#
........'g##.###.#..##.#
........'.##...........#
........###########....#
........##.......#####.#
........#........# #.#
.......##........# #.#
......##.........# #.#
.....###†#>......# #.#


You could see a gnoll, an orc and a frilled lizard.

Vanquished Creatures
  A worm (D:2)
  2 dart slugs
  An orc (D:2)
  2 endoplasms (D:2)
  3 giant cockroaches
  A goblin (D:1)
  4 hobgoblins
  A quokka (D:3)
  A ball python (D:1)
  2 bats
  3 frilled lizards
  6 kobolds
  2 rats (D:1)
29 creatures vanquished.

Notes
Turn   | Place    | Note
-------+----------+-------------------------------------------
     0 | D:1      | bearlyready the Gnoll Arcane Marksman began the quest for
                  | the Orb.
     0 | D:1      | Reached XP level 1. HP: 17/17 MP: 4/4
   251 | D:1      | Reached XP level 2. HP: 8/23 MP: 5/5
  1481 | D:2      | Reached XP level 3. HP: 24/28 MP: 7/7
  1788 | D:2      | Found a shadowy altar of Dithmenos.
  2693 | D:3      | Reached skill level 1 in Invocations
  2756 | D:3      | Slain by a gnoll

Illustrated notes

Levels and vault maps discovered:
D:1:      dpeg_arrival_rhombus, layout_rooms, kennysheep_pointless_box
D:2:      layout_loops_ring, basic_altar, minmay_misc_feat_chi
D:3:      kennysheep_big_flooded_room, layout_loops_cross, kennysheep_ying_yang,
          serial_shops, nicolae_shop_hallway_plus,
          chequers_serial_rivers_small_a

Skill      XL: |  1  2  3 |
---------------+----------+-----
Invocations    | 1 |  1.0
Fighting       | |  2.6
Short Blades   | |  0.8
Long Blades    | |  0.8
Axes           | |  0.8
Maces & Flails | |  0.8
Polearms       | |  0.8
Staves         | |  0.8
Slings         | |  4.5
Bows           | |  0.8
Crossbows      | |  0.8
Throwing       | |  0.8
Armour         | |  0.8
Dodging        | |  4.5
Stealth        | |  0.8
Shields        | |  0.8
Unarmed Combat | |  0.8
Spellcasting   | |  2.8
Conjurations   | |  0.5
Hexes          | |  5.4
Summonings     | |  0.5
Necromancy     | |  0.5
Translocations | |  0.5
Transmutations | |  0.5
Fire Magic     | |  0.5
Ice Magic      | |  0.5
Air Magic      | |  0.5
Earth Magic    | |  0.5
Poison Magic   | |  0.5
Evocations     | |  0.8

Action                   || total
-------------------------++-------
Melee: Short sword       ||   156
       Bite              ||    11
 Fire: Hunting sling     ||    31
Throw: Throwing net      ||     1
 Cast: Slow              ||     1
  Use: Potion            ||     1
Armor: Robe              ||    26
Dodge: Dodged            ||   128

Table legend: (Time is in decaauts)
 A = Elapsed time spent in this place.
 B = Non-inter-level travel time spent in this place.
 C = Inter-level travel time spent in this place.
 D = Time resting spent in this place.
 E = Time spent auto-exploring this place.
 F = Levels seen in this place.
 G = Mean time per level.
                   A        B        C        D        E       F      G
               +--------+--------+--------+--------+--------+-----+--------+
         Total |   2760 |   2739 |     21 |      0 |   2313 |   3 |  920.0 |
       Dungeon |   2760 |   2739 |     21 |      0 |   2313 |   3 |  920.0 |
               +--------+--------+--------+--------+--------+-----+--------+

Top non-repeatable levels by time:
     D:2: 1489 daAuts
     D:1: 976 daAuts
     D:3: 294 daAuts
